 Dungeon Crawl Stone Soup version 0.31.0-11-ge490571c62 (webtiles) character file.

Game seed: 16394681039454494483

91 qw the Shooter (level 4, -7/25 HPs)
             Began as a Deep Elf Hunter on Feb 4, 2024.
             Mangled by Sigmund
             ... wielding a +0 scythe
              (10 damage)
             ... on level 3 of the Dungeon.
             The game lasted 00:00:07 (1413 turns).

qw the Shooter (Deep Elf Hunter)                    Turns: 1413, Time: 00:00:07

Health: -7/25      AC:  6    Str: 10    XL:     4   Next: 34%
Magic:  6/6        EV: 12    Int: 14    God:
Gold:   127        SH:  0    Dex: 18    Spells: 3/3 levels left

rFire   . . .        a - +0 shortbow
rCold   . . .        (shield currently unavailable)
rNeg    . . .        c - +0 leather armour
rPois   .            (no helmet)
rElec   .            (no cloak)
rCorr   +            f - +2 pair of gloves
SInv    .            (no boots)
Will    +....        (no amulet)
Stlth   ++           e - ring of resist corrosion
HPRegen 0.24/turn    g - ring of willpower
MPRegen 0.10/turn

%: no passive effects
@: no status effects
A: no striking features
a: no special abilities


You were on level 3 of the Dungeon.
You visited 1 branch of the dungeon, and saw 3 of its levels.

You collected 127 gold pieces.


   Skills:
 - Level 1.5 Fighting
 + Level 7.8 Ranged Weapons
 - Level 2.4 Dodging
 - Level 1.2 Stealth


You had 3 spell levels left.
You didn't know any spells.
Your spell library was empty.

Inventory:

Hand Weapons
 a - a +0 shortbow (weapon)
Armour
 c - a +0 leather armour (worn)
 f - a +2 pair of gloves (worn)
Jewellery
 e - a ring of resist corrosion (left hand)
 g - a ring of willpower (right hand)
Scrolls
 b - a scroll of teleportation
Potions
 d - a potion of might {unknown}

Dungeon Overview and Level Annotations

Branches:
Dungeon (3/15)

Altars:
Qazlal

Annotations:
D:3 Sigmund


Message History

Sigmund the Dreaded comes into view.
He is wielding a +0 scythe.
You shoot an arrow. The arrow hits Sigmund!
Sigmund is moderately wounded.
Sigmund casts a spell.
Sigmund flickers and vanishes!
Deactivating autopickup; reactivate with Ctrl-A.
The bat misses you.
You shoot an arrow. The arrow closely misses the bat.
The bat misses you.
You shoot an arrow. The bat hits you but does no damage. Something hits you.
You shoot an arrow.
The arrow hits the bat but does no damage.
The bat barely misses you. The bat misses you.
You shoot an arrow. The arrow misses the bat.
The bat completely misses you. The bat hits you but does no damage.
Something completely misses you.
You shoot an arrow. The arrow barely misses the bat.
The bat hits you but does no damage. The bat barely misses you. x2
Something hits you but does no damage.
You shoot an arrow. The arrow misses the bat.
The bat hits you but does no damage. x2
You shoot an arrow. The arrow hits the bat.
You kill the bat!
Something hits you but does no damage.
You shoot an arrow. Something hits you!
You shoot an arrow. You shoot an arrow. Something hits you but does no damage.
You shoot an arrow. Something hits you.
You shoot an arrow. You shoot an arrow. Something hits you.
You shoot an arrow. Something hits you.
You shoot an arrow. Something hits you!
You die...

...#0...0# #
...#.....### .#
......_....######.##
...#.....#.........
...#ยค...0#.......#
...###.###.......#
.......#.........## #
..............#...#..#
....###.#####...@....#
.##..... #####%!.....
.....## {###### ....##
.. ... ... ...# ...#
..^#


There were no monsters in sight!

Vanquished Creatures
  An adder (D:2)
  3 dart slugs
  A ribbon worm (D:2)
  An orc (D:3)
  4 ball pythons
  5 endoplasms
  2 giant cockroaches (D:1)
  5 hobgoblins
  7 jackals (D:2)
  8 kobolds
  2 quokkas
  14 bats
  11 frilled lizards
  4 goblins
  4 rats
72 creatures vanquished.

Notes
Turn   | Place    | Note
-------+----------+-------------------------------------------
     0 | D:1      | qw the Deep Elf Hunter began the quest for the Orb.
     0 | D:1      | Reached XP level 1. HP: 12/12 MP: 3/3
     0 | D:1      | 0 ||| qw: Version: 0.3-a-160-g6735b56
     0 | D:1      | 0 ||| qw: Game counter: 5623
     0 | D:1      | 0 ||| qw: Melee chars always use a shield: true
     0 | D:1      | 0 ||| qw: God list: Okawaru
     0 | D:1      | 0 ||| qw: Allow faded altars: false
     0 | D:1      | 0 ||| qw: Do Orc after clearing Dungeon:15 true
     0 | D:1      | 0 ||| qw: Do second Lair branch before Depths: true
     0 | D:1      | 0 ||| qw: Lair rune preference: random
     0 | D:1      | 0 ||| qw: Goals: Normal
     0 | D:1      | 0 ||| PLANNING D:1-11
   107 | D:1      | Reached XP level 2. HP: 16/16 MP: 4/4
   109 | D:1      | Reached skill level 6 in Ranged Weapons
   461 | D:1      | Reached XP level 3. HP: 20/20 MP: 5/5
   502 | D:1      | 502 ||| READING scroll labelled GONTAG WUQAL.
   503 | D:1      | 503 ||| READING scroll labelled LISKERPH TACONK.
   503 | D:1      | 503 ||| IDENTIFYING scroll labelled BEPOUQO REUHETS
   504 | D:1      | 504 ||| READING scroll labelled HUEROQ WUIFRYE.
   505 | D:1      | 505 ||| DROPPING scroll of butterflies.
   506 | D:1      | 506 ||| DROPPING scroll of vulnerability.
   594 | D:2      | Reached skill level 7 in Ranged Weapons
   770 | D:2      | Reached XP level 4. HP: 13/25 MP: 6/6
  1263 | D:2      | 1263 ||| UPGRADING to +2 pair of gloves.
  1268 | D:2      | 1268 ||| UPGRADING to ring of resist corrosion.
  1269 | D:2      | 1269 ||| UPGRADING to ring of willpower.
  1270 | D:2      | 1270 ||| READING scroll of identify.
  1270 | D:2      | 1270 ||| IDENTIFYING glowing orange potion
  1271 | D:2      | 1271 ||| READING 2 scrolls labelled ODUSAP JO MALOEL.
  1274 | D:2      | 1274 ||| READING scroll labelled LATUCEDWEO.
  1275 | D:2      | 1275 ||| READING 2 scrolls labelled FIMYOK IJA.
  1276 | D:2      | 1276 ||| DROPPING potion of lignification.
  1277 | D:2      | 1277 ||| DROPPING scroll of noise.
  1356 | D:3      | Found a stormy altar of Qazlal.
  1397 | D:3      | Noticed Sigmund
  1411 | D:3      | HP: 6/25 [something (6)]
  1412 | D:3      | HP: 2/25 [something (4)]
  1413 | D:3      | Mangled by Sigmund

Levels and vault maps discovered:
D:1:      doesnt_arrival_eight_statues, layout_rooms, st_stairs_2
D:2:      layout_basic, moated_statue, hangedman_decor_opposing,
          minmay_pentomino_t4
D:3:      layout_rooms, nemelex_diamond_rough_becter, grunt_qazlal_clouds,
          ebering_ecumenical_altar_abandoned, uniq_sigmund

Skill      XL: |  1  2  3 |
---------------+----------+-----
Ranged Weapons | 6 7 |  7.8
Fighting       | |  1.5
Dodging        | |  2.4
Stealth        | |  1.2

Action                     |  1- 3 |  4- 6 || total
---------------------------+-------+-------++-------
   Fire: Shortbow          |   117 |    67 ||   184
    Use: Scroll            |     3 |     4 ||     7
 Armour: Leather armour    |    40 |    27 ||    67
  Dodge: Dodged            |    56 |    17 ||    73

Table legend:
 A = Non-vault XP
 B = Vault XP
 C = Vault XP percentage of total XP
 D = Non-vault monster count
 E = Vault monster count
 F = Vault count percentage of total count
                 A         B        C        D         E       F
            +---------+---------+-------+---------+---------+-------
      Total |     119 |      12 |   9.2 |      65 |       7 |   9.7
            +---------+---------+-------+---------+---------+-------
        D:1 |      46 |       3 |   6.1 |      29 |       3 |   9.4
        D:2 |      62 |       9 |  12.7 |      30 |       4 |  11.8
        D:3 |      11 |       0 |   0.0 |       6 |       0 |   0.0
            +---------+---------+-------+---------+---------+-------
